 Dungeon Crawl Stone Soup version 0.25-a0-317-g5f8687b (webtiles) character file.

Game seed: 1712823104028745103, levelgen mode: deterministic

1386 Auros the Chopper (level 8, -2/73 HPs)
             Began as a Hill Orc Fighter on Dec 24, 2019.
             Was an Initiate of Beogh.
             Slain by a killer bee (4 damage)
             ... on level 8 of the Dungeon on Dec 25, 2019.
             The game lasted 00:21:45 (3743 turns).

Auros the Chopper (Hill Orc Fighter)                Turns: 3743, Time: 00:21:45

Health: -2/73      AC:  3    Str: 21    XL:     8   Next: 67%
Magic:  8/8        EV:  9    Int:  8    God:    Beogh [......]
Gold:   200        SH: 10    Dex: 10    Spells: 7/7 levels left

rFire    . . .     SeeInvis .   a - +0 war axe
rCold    . . .     Gourm    .   x - +0 shield
rNeg     . . .     Faith    .   r - +0 robe (curse)
rPois    .         Spirit   .   (no helmet)
rElec    .         Reflect  .   (no cloak)
rCorr    .         Harm     .   (no gloves)
MR       .....                  w - +0 pair of boots
Stlth    ++........             (no amulet)
HPRegen  0.22/turn              v - ring of stealth
MPRegen  0.11/turn              A - ring of flight

@: no status effects
A: no striking features
a: Renounce Religion, Evoke Flight


You were on level 8 of the Dungeon.
You worshipped Beogh.
Beogh was noncommittal.
You were not hungry.

You visited 1 branch of the dungeon, and saw 6 of its levels.

You collected 200 gold pieces.

Inventory:

Hand Weapons
 a - a +0 war axe (weapon)
 B - a +1 demon whip of venom
Missiles
 e - 90 arrows
 h - 15 bolts
 m - 4 boomerangs
 s - 38 sling bullets
 y - 7 poisoned darts
 Z - 135 stones (quivered)
Armour
 b - a +0 scale mail
 c - a +0 shield
 r - a cursed +0 robe (worn)
 w - a +0 pair of boots (worn)
 x - a +0 shield (worn)
Jewellery
 l - a +2 ring of intelligence
 v - a ring of stealth (left hand)
 A - a ring of flight (right hand)
Scrolls
 g - a scroll of amnesia
 i - 11 scrolls of identify
 k - a scroll of random uselessness {unknown}
 n - 3 scrolls of remove curse {unknown}
 o - a scroll of teleportation {unknown}
 t - a scroll of fog {unknown}
 u - a scroll of blinking {unknown}
Potions
 f - 2 potions of flight
 j - a potion of degeneration
 p - a potion of curing
 q - a potion of agility
Comestibles
 z - 4 rations


   Skills:
 + Level 7.1 Fighting
 + Level 7.2 Axes
 + Level 6.5 Armour
 + Level 6.5 Shields


You had 7 spell levels left.
You didn't know any spells.
Your spell library contained the following spells:

 Spells                   Type           Power        Failure   Level  Hunger
 Beastly Appendage        Tmut           #.....       78%         1    ##.....
 Sticks to Snakes         Tmut           #.......     89%         2    ###....
 Spider Form              Tmut/Pois      #.........   98%         3    ####...
 Ice Form                 Ice/Tmut       #.......     100%        4    #####..
 Blade Hands              Tmut           #.........   100%        5    ######.


Dungeon Overview and Level Annotations

Branches:
Dungeon (9/15)
 Temple: D:4-7         Lair: D:8-11         Orc: D:9-12

Altars:
Hepliaklqana
Xom


Message History

You block something's attack. You block the jackal's attack.
The centaur shoots an arrow.
The arrow hits you!
* * * LOW HITPOINT WARNING * * *
The jackal bites you.
* * * LOW HITPOINT WARNING * * *
You climb upwards.
The killer bee buzzes angrily.
Reactivating autopickup.
Found a smoky black potion.
There is a stone staircase leading down here.
You closely miss the jackal.
The jackal bites you but does no damage.
You barely miss the jackal. The jackal bites you.
* * * LOW HITPOINT WARNING * * *
The jackal bites you but does no damage.
You block the killer bee's attack.
As you read the scroll labeled CAWIRA ZIODUH, it crumbles to dust.
It is a scroll of amnesia.
You feel forgetful for a moment. The killer bee stings you.
You die...

.......
.......
.......
!......
.......
.....#
##y..#
#@..#
#h.##
...#
#...#
...##
....#
##..#
##..


You could see a killer bee and a jackal.

Vanquished Creatures
  Pikel (D:8)
  A phantom (D:4)
  A sky beast (D:8)
  2 ice beasts (D:8)
  An ogre (D:4)
  A centaur (D:8)
  2 bullfrogs (D:8)
  A crimson imp (D:8)
  A bullfrog zombie (D:8)
  2 hounds (D:4)
  A centaur skeleton (D:4)
  A worker ant (D:8)
  A howler monkey zombie (D:4)
  2 gnolls (D:8)
  4 adders (D:2)
  An adder skeleton (D:4)
  A dart slug (D:1)
  4 leopard geckos
  2 orcs
  8 bats
  4 giant cockroaches
  7 goblins
  8 hobgoblins
  13 jackals
  2 quokkas
  4 frilled lizards
  A giant cockroach zombie (D:5)
  9 kobolds
  4 rats
90 creatures vanquished.

Vanquished Creatures (others)
  A hungry ghost (D:8)
  An ogre (D:8)
  2 slaves (D:8)
  An orc priest (D:8)
  2 killer bees (D:8)
  2 wights (D:8)
  A crimson imp (D:8)
  An iguana (D:8)
  An orc wizard (D:8)
  A gnoll (D:8)
  A shadow imp (D:8)
  3 orcs (D:8)
17 creatures vanquished.

Grand Total: 107 creatures vanquished

Notes
Turn   | Place    | Note
-------+----------+-------------------------------------------
     0 | D:1      | Auros the Hill Orc Fighter began the quest for the Orb.
     0 | D:1      | Reached XP level 1. HP: 19/19 MP: 1/1
   195 | D:1      | Reached XP level 2. HP: 27/27 MP: 2/2
   629 | D:1      | Reached XP level 3. HP: 33/33 MP: 3/3
  1003 | D:1      | Upgraded the game from 0.25-a0-316-gd28d56f to
                  | 0.25-a0-317-g5f8687b
  1184 | D:2      | Reached XP level 4. HP: 36/40 MP: 4/4
  1511 | D:2      | Found a hazy altar of Hepliaklqana.
  1512 | D:2      | Found a shimmering altar of Xom.
  1513 | D:2      | Noticed a spectral ugly thing
  1653 | D:2      | You fall into a shaft and drop 2 floors!
  1657 | D:4      | Reached XP level 5. HP: 43/47 MP: 5/5
  1778 | D:4      | Noticed an ogre
  1842 | D:4      | Killed an ogre
  1842 | D:4      | Reached skill level 5 in Fighting
  1842 | D:4      | Reached XP level 6. HP: 38/56 MP: 6/6
  1990 | D:4      | Noticed a phantom
  2034 | D:4      | Killed a phantom
  2034 | D:4      | Reached skill level 5 in Axes
  2416 | D:5      | Entered Level 5 of the Dungeon
  2481 | D:5      | You fall into a shaft and drop 3 floors!
  2535 | D:8      | Reached skill level 5 in Armour
  2535 | D:8      | Reached skill level 5 in Shields
  2535 | D:8      | Reached XP level 7. HP: 56/61 MP: 7/7
  2602 | D:8      | Became a worshipper of Beogh the Brigand
  2609 | D:8      | Killed a hungry ghost
  2887 | D:8      | Noticed Pikel
  2930 | D:8      | Killed Pikel
  2930 | D:8      | Reached XP level 8. HP: 15/71 MP: 8/8
  3730 | D:8      | You fall into a shaft and drop 1 floor!
  3739 | D:9      | HP: 3/73 [centaur/arrow (8)]
  3743 | D:8      | Slain by a killer bee

Levels and vault maps discovered:
D:1:      nicolae_arrival_washed_ashore, layout_rooms, serial_rivers,
          chequers_serial_rivers_marsh, chequers_serial_rivers_marsh,
          chequers_serial_rivers_micro_b, chequers_serial_rivers_room_a,
          chequers_serial_rivers_micro_a, chequers_serial_rivers_room_b,
          minmay_bisected
D:2:      minmay_evil_eye, layout_rooms, regret_index_temple_of_mockery
D:4:      layout_cave_pools, first_ration, abandoned_shop
D:5:      layout_cave_pods, minmay_temple_entry_trees, uniq_prince_ribbit1,
          uniq_crazy_yiuf_cottage
D:8:      layout_layer_cave, amethyst_overflow_temple_binary,
          gammafunk_temple_overflow_elements, enter_bailey_2, uniq_pikel
D:9:      layout_long_grid, nicolae_overflow_hidden_temple,
          kennysheep_little_box, grunt_livestock, minmay_misc_feat_room,
          nicolae_straight_to_the_point, uniq_maurice

Skill      XL: |  1  2  3  4  5  6  7  8 |
---------------+-------------------------+-----
Axes           | 3 4 5 6 7 |  7.2
Fighting       | 4 5 6 7 |  7.1
Shields        | 4 5 6 |  6.5
Armour         | 4 5 6 |  6.5

Action                   |  1- 3 |  4- 6 |  7- 9 || total
-------------------------+-------+-------+-------++-------
Melee: War axe           |   114 |   106 |   106 ||   326
Throw: Stone             |    92 |    34 |       ||   126
       Boomerang         |     4 |     2 |       ||     6
Invok: Convert to Beogh  |       |       |     1 ||     1
  Use: Potion            |       |       |     5 ||     5
       Scroll            |       |       |     2 ||     2
  Eat: Chunk             |     1 |     4 |     1 ||     6
       Ration            |       |       |     1 ||     1
Armor: Scale mail        |    66 |    45 |    45 ||   156
       Robe              |       |       |     5 ||     5
Dodge: Dodged            |    46 |    29 |    23 ||    98
Block: Shield            |    65 |    58 |    59 ||   182

Table legend:
 A = Non-vault XP
 B = Vault XP
 C = Vault XP percentage of total XP
 D = Non-vault monster count
 E = Vault monster count
 F = Vault count percentage of total count
                 A         B        C        D         E       F
            +---------+---------+-------+---------+---------+-------
      Total |    1321 |     660 |  33.3 |      84 |       6 |   6.7
            +---------+---------+-------+---------+---------+-------
        D:1 |      41 |       2 |   4.7 |      23 |       2 |   8.0
        D:2 |      99 |      17 |  14.7 |      35 |       3 |   7.9
        D:4 |     408 |       0 |   0.0 |      11 |       0 |   0.0
        D:5 |       1 |       0 |   0.0 |       1 |       0 |   0.0
        D:8 |     768 |     641 |  45.5 |      12 |       1 |   7.7
        D:9 |       4 |       0 |   0.0 |       2 |       0 |   0.0
            +---------+---------+-------+---------+---------+-------
